 Dungeon Crawl Stone Soup version 0.31-a0-236-g9a0961fb85 (webtiles) character file.

Game seed: 7857949548982733124

223 qw the Shooter (level 5, -6/45 HPs)
             Began as a Minotaur Hexslinger on July 10, 2023.
             Mangled by an orc
             ... wielding a +0 war axe
              (7 damage)
             ... on level 4 of the Dungeon.
             The game lasted 00:01:04 (2899 turns).

qw the Shooter (Minotaur Hexslinger)                Turns: 2899, Time: 00:01:05

Health: -6/45      AC:  5    Str: 13    XL:     5   Next: 66%
Magic:  1/1        EV: 11    Int: 10    God:
Gold:   215        SH:  0    Dex: 20    Spells: 5/6 levels left

rFire   . . .        Y - +2 sling (antimagic)
rCold   . . .        (no shield)
rNeg    . . .        d - +0 ring mail
rPois   .            (helmet restricted)
rElec   .            (no cloak)
rCorr   .            (no gloves)
SInv    .            (no boots)
Will    .....        (no amulet)
Stlth   +            g - +6 ring of dexterity
HPRegen 0.27/turn    (no ring)
MPRegen 0.07/turn

%: no passive effects
@: lethally poisoned (-6 -> -28), slowed, very slow
A: horns 2, retaliatory headbutt
a: no special abilities


You were on level 4 of the Dungeon.
You visited 1 branch of the dungeon, and saw 4 of its levels.

You collected 215 gold pieces.


Innate Abilities, Weirdness & Mutations

You have a pair of horns on your head.
You reflexively headbutt those who attack you in melee.


   Skills:
 - Level 3.3 Fighting
 + Level 5.7 Ranged Weapons
 - Level 1.2 Armour
 - Level 2.1 Dodging
 - Level 1.0 Spellcasting
 - Level 2.0 Hexes


You had 5 spell levels left.
You knew the following spells:

 Your Spells              Type           Power      Damage    Failure   Level
a - Slow                  Hex            16%        N/A       32%         1

Your spell library contained the following spells:

 Spells                   Type           Power      Damage    Failure   Level
 Inner Flame              Hex/Fire       2%         N/A       82%         3
 Portal Projectile        Hex/Tloc       4%         N/A       82%         3
 Cause Fear               Hex            2%         N/A       97%         4

Inventory:

Hand Weapons
 Y - a +2 antimagic sling (weapon)
Armour
 d - a +0 ring mail (worn)
Jewellery
 g - a +6 ring of dexterity (left hand)
Scrolls
 e - a scroll of identify
 f - 2 scrolls of teleportation
 k - a scroll of noise {unknown}
Potions
 a - a potion of might
 b - a potion of lignification {unknown}
 c - a potion of berserk rage {unknown}
 h - a potion of brilliance {unknown}
 i - a potion of magic {unknown}
 j - a potion of curing {unknown}

Dungeon Overview and Level Annotations

Branches:
Dungeon (4/15)
 Temple: D:4-7

Altars:
Fedhas
Gozag

Annotations:
D:3 2 transporters, qw's ghost, amateur MiHs


Message History

The ball python bites you but does no damage.
The ball python constricts you.
The orc hits you with a +2 dagger of venom.
You are more poisoned.
You shoot a sling bullet.
The sling bullet closely misses the ball python.
The orc shouts!
You feel extremely sick. The ball python bites you.
The ball python constricts you.
The orc hits you with a +2 dagger of venom.
You are more poisoned.
The ball python bites you but does no damage.
The ball python constricts you.
You shoot a sling bullet. The sling bullet hits the ball python!
You kill the ball python!
You feel extremely sick. The orc closely misses you. The orc barely misses you.
You furiously retaliate!
You headbutt the orc, but do no damage. You shoot a sling bullet.
The sling bullet barely misses the orc.
The orc shouts!
You feel very sick. The orc closely misses you.
The orc hits you but does no damage.
You are more poisoned.
The orc hits you but does no damage. The orc closely misses you.
You shoot a sling bullet. The sling bullet barely misses the orc.
You feel very sick. The orc closely misses you. The orc barely misses you.
You furiously retaliate!
You headbutt the orc!
You kill the orc!
The orc misses you. The orc barely misses you. You furiously retaliate!
You headbutt the orc.
The orc hits you with a +2 dagger of venom.
You are lethally poisoned!
You shoot a sling bullet. The sling bullet barely misses the orc.
You feel extremely sick. The orc barely misses you.
The orc hits you with a +2 dagger of venom.
You are more poisoned.
The orc hits you with a +0 war axe!
You die...

...# #..#
#..# #..#
#..# ######
#######.o##
......
.)))...oo)#
######
###...#@#
#...)...#
#.#...### ###
#####.#..#.#
#..
#.)...#.#.#.#
#.#
#.####.###.##
#.# #.....##
#.# #.#
#.####.# ##
#(# #.#
#.#####.#


You could see 3 orcs.

Vanquished Creatures
  A gnoll bouda (D:4)
  Natasha (D:4)
  2 adders
  3 gnolls (D:4)
  3 worms
  3 dart slugs
  6 orcs (D:4)
  14 endoplasms
  4 giant cockroaches
  15 goblins
  7 hobgoblins
  2 jackals (D:3)
  6 kobolds
  6 quokkas
  6 ball pythons
  5 bats
  4 frilled lizards
  4 rats
92 creatures vanquished.

Notes
Turn   | Place    | Note
-------+----------+-------------------------------------------
     0 | D:1      | qw the Minotaur Hexslinger began the quest for the Orb.
     0 | D:1      | Reached XP level 1. HP: 16/16 MP: 1/1
     0 | D:1      | 0 ||| qw: Version: 0.3-a-52-g30416fa
     0 | D:1      | 0 ||| qw: Game counter: 4953
     0 | D:1      | 0 ||| qw: Melee chars always use a shield: true
     0 | D:1      | 0 ||| qw: God list: Okawaru
     0 | D:1      | 0 ||| qw: Allow faded altars: false
     0 | D:1      | 0 ||| qw: Do Orc after clearing Dungeon:15 true
     0 | D:1      | 0 ||| qw: Do second Lair branch before Depths: true
     0 | D:1      | 0 ||| qw: Lair rune preference: random
     0 | D:1      | 0 ||| qw: Goals: Normal
     0 | D:1      | 0 ||| PLANNING D:1-11
    83 | D:1      | 83 ||| SWAPPING to +2 antimagic sling.
    84 | D:1      | 84 ||| DROPPING +1 sling.
    88 | D:1      | Reached skill level 3 in Ranged Weapons
   140 | D:1      | Reached XP level 2. HP: 23/23 MP: 0/2
   537 | D:1      | 537 ||| UPGRADING to +0 ring mail.
   547 | D:1      | 547 ||| DROPPING +0 robe.
   548 | D:1      | 548 ||| READING scroll labelled DYOXUSK QUEKH.
   553 | D:1      | 553 ||| READING scroll labelled LAOQOJ BENUPA.
   554 | D:1      | 554 ||| DROPPING scroll of poison.
   569 | D:2      | Reached XP level 3. HP: 29/29 MP: 1/3
   698 | D:2      | HP: 7/29 [poisoned by an adder]
   701 | D:2      | Reached skill level 4 in Ranged Weapons
   844 | D:2      | Reached skill level 1 in Armour
  1229 | D:2      | Reached XP level 4. HP: 36/36 MP: 1/4
  1307 | D:2      | 1307 ||| DROPPING ring of wizardry.
  1815 | D:3      | Found a faded altar of an unknown god.
  1845 | D:3      | Found a transporter.
  1853 | D:3      | Noticed a bullfrog
  1858 | D:3      | Noticed qw's ghost (amateur MiHs)
  1859 | D:3      | Found a transporter.
  2455 | D:3      | 2455 ||| UPGRADING to +6 ring of dexterity.
  2456 | D:3      | 2456 ||| READING 2 scrolls of identify.
  2456 | D:3      | 2456 ||| IDENTIFYING smoky pink potion
  2487 | D:4      | 2487 ||| PLANNING SEWER
  2529 | D:4      | Reached skill level 5 in Ranged Weapons
  2598 | D:4      | Found a blossoming altar of Fedhas.
  2677 | D:4      | Reached skill level 3 in Fighting
  2677 | D:4      | Reached XP level 5. HP: 20/45 MP: 1/5
  2814 | D:4      | Found an opulent altar of Gozag.
  2886 | D:4      | Noticed Natasha
  2893 | D:4      | Killed Natasha
  2899 | D:4      | HP: 3/45 [poisoned by an orc]
  2899 | D:4      | HP: 1/45 [orc/+2 dagger of venom (2)]
  2899 | D:4      | Mangled by an orc

Levels and vault maps discovered:
D:1:      amcnicky_arrival_blooded_trapdoor, layout_rooms
D:2:      minmay_spotlight, layout_loops_cross
D:3:      layout_basic, gammafunk_ghost_arena,
          ebering_ecumenical_altar_petrified, minmay_goblin_kobold_house
D:4:      layout_loops_ring, trog_hazing_becter,
          mainiacjoe_overflow_surrounded_room, lemuel_doored_altar,
          portal_sewer_entry_b, uniq_natasha

Skill      XL: |  1  2  3  4 |
---------------+-------------+-----
Ranged Weapons | 3 4 5 |  5.7
Fighting       | 2 3 |  3.3
Armour         | 1 |  1.2
Dodging        | |  2.1
Spellcasting   | |  1.0
Hexes          | |  2.0

Action                     |  1- 3 |  4- 6 || total
---------------------------+-------+-------++-------
   Fire: Sling             |   108 |   141 ||   249
    Use: Scroll            |     2 |     1 ||     3
 Armour: Robe              |     3 |       ||     3
         Ring mail         |     7 |    13 ||    20
  Dodge: Dodged            |    29 |    48 ||    77

Table legend:
 A = Non-vault XP
 B = Vault XP
 C = Vault XP percentage of total XP
 D = Non-vault monster count
 E = Vault monster count
 F = Vault count percentage of total count
                 A         B        C        D         E       F
            +---------+---------+-------+---------+---------+-------
      Total |     248 |      71 |  22.3 |      79 |      13 |  14.1
            +---------+---------+-------+---------+---------+-------
        D:1 |      39 |       0 |   0.0 |      21 |       0 |   0.0
        D:2 |      41 |      20 |  32.8 |      20 |       3 |  13.0
        D:3 |      44 |      12 |  21.4 |      21 |       7 |  25.0
        D:4 |     124 |      39 |  23.9 |      17 |       3 |  15.0
            +---------+---------+-------+---------+---------+-------
